 Dungeon Crawl Stone Soup version 0.24.0-125-gc4c63601f3 (webtiles) character file.

Game seed: 2595794552607525422, levelgen mode: deterministic

406 shadizar the Skirmisher (level 6, -2/39 HPs)
             Began as a Gargoyle Fighter on Mar 8, 2020.
             Killed from afar by an orc wizard (10 damage)
             ... with a magic dart
             ... on level 4 of the Dungeon.
             The game lasted 00:04:22 (2226 turns).

shadizar the Skirmisher (Gargoyle Fighter)          Turns: 2226, Time: 00:04:22

Health: -2/39      AC: 14    Str: 21    XL:     6   Next: 87%
Magic:  6/6        EV:  6    Int:  9    God:
Gold:   180        SH:  9    Dex:  9    Spells: 5/5 levels left

rFire    . . .     SeeInvis .   a - +0 flail
rCold    . . .     Gourm    .   c - +0 shield
rNeg     + . .     Faith    .   d - +0 chain mail
rPois    ∞         Spirit   .   (no helmet)
rElec    +         Reflect  .   (no cloak)
rCorr    .         Harm     .   (no gloves)
MR       .....                  (no boots)
Stlth    ..........             (no amulet)
HPRegen  0.13/turn              (no ring)
MPRegen  0.10/turn              (no ring)

@: no status effects
A: negative energy resistance 1, electricity resistance, unbreathing,
petrification resistance, rot immunity, AC +4
a: no special abilities


You were on level 4 of the Dungeon.
You were hungry.

You visited 1 branch of the dungeon, and saw 4 of its levels.

You collected 180 gold pieces.

Inventory:

Hand Weapons
 a - a +0 flail (weapon)
Armour
 b - a +0 scale mail
 c - a +0 shield (worn)
 d - a +0 chain mail (worn)
Jewellery
 h - an uncursed ring of positive energy {unknown}
 k - an uncursed ring of resist corrosion {unknown}
 r - a +1 ring of slaying {unknown}
 u - an uncursed ring of protection from fire {unknown}
 w - a +4 ring of strength {unknown}
Scrolls
 e - 7 scrolls of identify {unknown}
 j - a scroll of noise {unknown}
 l - a scroll of enchant armour {unknown}
 m - a scroll of random uselessness {unknown}
 o - 2 scrolls of remove curse {unknown}
 s - a scroll of immolation {unknown}
 v - 2 scrolls of teleportation {unknown}
Potions
 g - 2 potions of lignification {unknown}
 i - 2 potions of curing
 n - 2 potions of brilliance {unknown}
 q - a potion of haste {unknown}
 t - a potion of resistance {unknown}
Comestibles
 f - 7 rations
 p - 2 chunks of flesh


   Skills:
 + Level 4.6 Fighting
 + Level 3.6 Maces & Flails
 + Level 4.6 Armour
 + Level 2.2 Dodging
 + Level 4.6 Shields


You had 5 spell levels left.
You didn't know any spells.
Your spell library was empty.

Dungeon Overview and Level Annotations

Branches:
Dungeon (4/15)
 Temple: D:4-7

Altars:
Gozag
Qazlal

Annotations:
D:2 Grinder


Innate Abilities, Weirdness & Mutations

You are resistant to torment.
Your stone body is resilient. (AC +4)
You are immune to poison.
You resist negative energy. (rN+)
You are resistant to electric shocks. (rElec)
You can survive without breathing.
You are immune to petrification.
You are immune to rotting.


Message History

The orc wizard hits you but does no damage.
The frilled lizard closely misses you.
The orc wizard gestures at you while chanting.
The magic dart hits you but does no damage.
Unknown command.
Unknown command.
You bump into the rock wall.
The frilled lizard barely misses you.
The orc wizard hits you but does no damage.
You bump into the rock wall.
The frilled lizard bites you but does no damage.
The orc hits you but does no damage.
The orc wizard gestures wildly while chanting.
The orc wizard blinks!
You bump into the rock wall.
You feel less confused. You block the frilled lizard's attack.
The orc hits you but does no damage. The orc hits you but does no damage.
The orc wizard gestures at you while chanting.
The magic dart hits you!
You die...

##..# ##.#.).##
#......[#
...#..##.###
########.. . #.#
#...# #......[...
#.o ###.#
#..........# #.
#)## #.(.........
.
#.o####..........#
..
##l@o.#..........#
####.#..........#
#............#
#.............
#..###.######
#..## #..# ###..#
##.# #####....#
#.# .........#.#
#.#


You could see an orc wizard, an orc and a frilled lizard.

Vanquished Creatures
  A centaur (D:3)
  A scorpion (D:4)
  A gnoll shaman (D:4)
  An orc wizard (D:4)
  Terence (D:2)
  3 gnolls (D:4)
  6 adders
  A howler monkey skeleton (D:4)
  7 worms
  5 leopard geckos
  11 orcs
  2 ball pythons
  2 bats
  4 giant cockroaches
  5 goblins
  8 hobgoblins
  4 jackals (D:3)
  A quokka (D:3)
  3 frilled lizards
  18 kobolds
  6 rats
91 creatures vanquished.

Notes
Turn   | Place    | Note
-------+----------+-------------------------------------------
     0 | D:1      | shadizar the Gargoyle Fighter began the quest for the Orb.
     0 | D:1      | Reached XP level 1. HP: 14/14 MP: 1/1
   143 | D:1      | Reached XP level 2. HP: 19/19 MP: 2/2
   547 | D:1      | Reached XP level 3. HP: 21/23 MP: 3/3
   759 | D:2      | Noticed Terence
   769 | D:2      | Killed Terence
   769 | D:2      | Reached skill level 1 in Dodging
   769 | D:2      | Reached XP level 4. HP: 29/29 MP: 4/4
   974 | D:2      | Found a faded altar of an unknown god.
  1274 | D:3      | Reached XP level 5. HP: 19/33 MP: 5/5
  1307 | D:3      | Found a stormy altar of Qazlal.
  1436 | D:3      | Found an opulent altar of Gozag.
  1644 | D:3      | Noticed a centaur
  1671 | D:3      | Killed a centaur
  1671 | D:3      | Reached XP level 6. HP: 32/39 MP: 6/6
  1708 | D:3      | Noticed Grinder
  1739 | D:3      | Paralysed by Grinder for 7 turns
  2226 | D:4      | Killed from afar by an orc wizard

Levels and vault maps discovered:
D:1:      minmay_arrival_open_corners, layout_basic, minmay_misc_feat_chi
D:2:      layout_basic, chequers_ecumenical_altar_simple_redux, uniq_terence
D:3:      layout_basic, lemuel_crystal_altar, nicolae_overflow_crystal_walls,
          chequers_decorated_corner, minmay_goblin_kobold_house, uniq_grinder
D:4:      layout_rooms, uniq_pikel

Skill      XL: |  1  2  3  4  5  6 |
---------------+-------------------+-----
Dodging        | 1 2 |  2.2
Shields        | 4 |  4.6
Fighting       | 4 |  4.6
Armour         | 4 |  4.6
Maces & Flails | 3 |  3.6

Action                   |  1- 3 |  4- 6 || total
-------------------------+-------+-------++-------
Melee: Flail             |   102 |   404 ||   506
  Use: Potion            |     1 |       ||     1
  Eat: Chunk             |       |     5 ||     5
Armor: Scale mail        |    50 |       ||    50
       Chain mail        |       |   323 ||   323
Dodge: Dodged            |    28 |   144 ||   172
Block: Shield            |    58 |   249 ||   307
